 Dungeon Crawl Stone Soup version 0.18.1-48-g4cf74bf (webtiles) character file.

105 Miyamura the Insei (level 4, 0/36 HPs)
             Began as a Demonspawn Monk on Sept 7, 2016.
             Killed by nerve-wracking pain
             ... invoked by an orc priest
              (12 damage)
             ... on level 4 of the Dungeon.
             The game lasted 00:05:04 (3017 turns).

Miyamura the Insei (Demonspawn Monk)                Turns: 3017, Time: 00:05:05

Health: 0/36       AC: 10    Str: 11    XL:     4   Next: 53%
Magic:  6/6        EV:  9    Int: 13    God:
Gold:   152        SH:  0    Dex: 15    Spells: 0 memorised, 5 levels left

rFire  + . .     SeeInvis .       - Unarmed
rCold  . . .     Gourm    .     q - +0 scale mail
rNeg   . . .     Faith    .     (no shield)
rPois  .         Spirit   .     (no helmet)
rElec  .         Dismiss  +     (no cloak)
rCorr  .         Reflect  .     i - +0 pair of gloves
SustAt .         Harm     .     r - +0 pair of boots
MR     .....                    a - amulet of dismissal
Stlth  +.........               (no ring)
                                g - ring of protection from fire

@: not resistant to hostile enchantments, very unstealthy
A: rugged brown scales 2, spiny 1
a: no special abilities


You were on level 4 of the Dungeon.
You were hungry.

You visited 1 branch of the dungeon, and saw 4 of its levels.

You collected 152 gold pieces.

Inventory:

Armour
 i - a +0 pair of gloves (worn)
 o - a +1 scale mail of fire resistance
 q - a +0 scale mail (worn)
 r - a +0 pair of boots (worn)
Jewellery
 a - an amulet of dismissal (around neck)
 g - a ring of protection from fire (left hand)
 n - an uncursed ring of ice
Wands
 m - a wand of flame (18/48)
Scrolls
 e - a scroll of identify
 l - a scroll of immolation
Potions
 c - a potion of haste {unknown}
 d - a potion of invisibility {unknown}
 f - a potion of degeneration {unknown}
 j - a potion of magic {unknown}
 k - a potion of mutation {unknown}
 p - 2 potions of lignification {unknown}
Comestibles
 b - 2 bread rations
 h - 2 meat rations


   Skills:
 + Level 3.4 Fighting
 + Level 0.1 Armour
 + Level 3.1 Dodging
 + Level 2.6 Stealth
 + Level 4.1 Unarmed Combat
 - Level 1.4 Spellcasting


You had 5 spell levels left.
You didn't know any spells.

Dungeon Overview and Level Annotations

Branches:
Dungeon (4/15)
 Temple: D:4-7

Altars:
Okawaru
Vehumet


Innate Abilities, Weirdness & Mutations

You are mostly covered in rugged brown scales (AC +2, +5% HP).
You are partially covered in sharp spines.


Message History

The orc wizard points at you and mumbles some strange words.
The magic dart hits you!
The orc wizard is struck by your spines.
The orc wizard closely misses you. The ooze is struck by your spines.
You kill the ooze!
The orc priest mumbles some strange prayers to Beogh against you.
Beogh smites you!
You hit the orc priest but do no damage.
The orc priest is almost dead.
The orc wizard hits you but does no damage.
The orc wizard is struck by your spines.
The orc wizard hits you but does no damage.
Unknown command.
You hit the orc priest.
The orc priest is almost dead.
The orc wizard points at you and mumbles some strange words.
The puff of flame hits you! You resist.
The orc priest invokes the aid of Beogh against you.
Pain shoots through your body!
You die...

........# #.........
........# #..........
........+ #..........
........# #..........
........# +..........
........######$.........
#######.................
#.........oo......
#.........@o......
#.........####....
########..# ... #.._.
+.#... #.#_.⌠ .. .. w.


You could see a worm, an orc priest and 2 orc wizards.

Vanquished Creatures
  4 adders
  An ooze (D:4)
  A worm (D:2)
  A dart slug (D:1)
  2 giant geckos
  2 orcs (D:3)
  8 bats
  4 giant cockroaches
  6 goblins
  6 hobgoblins (D:1)
  2 jackals (D:2)
  3 giant newts
  11 kobolds
  5 rats
56 creatures vanquished.

Notes
Turn   | Place    | Note
--------------------------------------------------------------
     0 | D:1      | Miyamura the Demonspawn Monk began the quest for the Orb.
     0 | D:1      | Reached XP level 1. HP: 18/18 MP: 1/1
     2 | D:1      | Noticed a gargoyle
     4 | D:1      | Noticed a felid
     4 | D:1      | Noticed an octopode
     6 | D:1      | Noticed a spriggan
     6 | D:1      | Noticed an elf
     8 | D:1      | Noticed a ghoul
     8 | D:1      | Noticed a demonspawn
    10 | D:1      | Noticed a halfling
    10 | D:1      | Noticed a dwarf
    12 | D:1      | Noticed a naga
    12 | D:1      | Noticed a troll
    14 | D:1      | Noticed a demigod
    14 | D:1      | Noticed a draconian
    16 | D:1      | Noticed a tengu
    18 | D:1      | Noticed a minotaur
    18 | D:1      | Noticed a merfolk
    20 | D:1      | Noticed a centaur
    20 | D:1      | Noticed a formicid
    22 | D:1      | Noticed a vine stalker
    24 | D:1      | Noticed a vampire
    26 | D:1      | Noticed a human
    26 | D:1      | Noticed an ogre
   222 | D:1      | Gained mutation: You are partially covered in rugged brown scales (AC +1, +3% HP). [demonic ancestry]
   222 | D:1      | Reached XP level 2. HP: 18/24 MP: 2/2
  1071 | D:1      | Gained mutation: You are mostly covered in rugged brown scales (AC +2, +5% HP). [demonic ancestry]
  1071 | D:1      | Reached XP level 3. HP: 23/30 MP: 4/4
  1159 | D:2      | Reached skill level 1 in Spellcasting
  1492 | D:2      | Reached skill level 4 in Unarmed Combat
  1922 | D:2      | Gained mutation: You are partially covered in sharp spines. [demonic ancestry]
  1922 | D:2      | Reached XP level 4. HP: 30/36 MP: 6/6
  3002 | D:4      | Found an iron altar of Okawaru.
  3003 | D:4      | Found a radiant altar of Vehumet.
  3017 | D:4      | Killed from afar by an orc priest

Skill      XL: |  1  2  3 |
---------------+----------+-----
Stealth        | 2 |  2.6
Spellcasting   | 1 |  1.4
Dodging        | 3 |  3.1
Unarmed Combat | 4 |  4.1
Fighting       | |  3.4
Armour         | |  0.1

Action                   |  1- 3 |  4- 6 || total
-------------------------+-------+-------++-------
Melee: Unarmed           |   140 |    37 ||   177
       Punch             |     1 |       ||     1
  Use: Scroll            |       |     4 ||     4
 Stab: Sleeping          |     2 |       ||     2
  Eat: Chunk             |     3 |     3 ||     6
Armor: Robe              |    31 |     1 ||    32
       Scale mail        |       |    17 ||    17
Dodge: Dodged            |    77 |    20 ||    97
